 Dungeon Crawl Stone Soup version bcrawl-1.21.2-20-g6d45ba5942 (webtiles) character file.

Game seed: 9219669351751411456

898 Freyura the Cudgeler (level 7, -8/71 HPs)
             Began as a Troll Gladiator on Feb 25, 2020.
             Mangled by Duvessa
             ... wielding a +0 short sword
              (11 damage)
             ... on level 4 of the Dungeon.
             The game lasted 00:14:32 (2924 turns).

Freyura the Cudgeler (Troll Gladiator)              Turns: 2924, Time: 00:14:32

Health: -8/71      AC:  9    Str: 28    XL:     7   Next: 79%
Magic:  6/6        EV: 16    Int:  5    God:
Gold:   307        SH:  0    Dex: 18    Spells: 6/6 levels left

rFire    . . .     SeeInvis .   a - +0 flail
rCold    . . .     Gourm    +   (no shield)
rNeg     + . .     Faith    .   (armour unavailable)
rPois    .         Spirit   .   b - +2 hat
rElec    .         Reflect  .   (no cloak)
rCorr    .         Harm     .   (gloves unavailable)
MR       .....                  (boots unavailable)
Stlth    +++.......             (no amulet)
HPRegen  0.61/turn              i - ring of positive energy
MPRegen  0.10/turn              k - ring of wizardry

@: mighty, agile
A: large, almost no armour, unfitting armour, claws 3, fast metabolism 3,
gourmand, regeneration 1, AC +7
a: no special abilities


You were on level 4 of the Dungeon.
You were completely stuffed.

You visited 1 branch of the dungeon, and saw 4 of its levels.

You collected 307 gold pieces.

Inventory:

Hand Weapons
 a - a +0 flail (weapon)
 l - a +0 giant club
Missiles
 c - 3 throwing nets (quivered) {!f}
Armour
 b - a +2 hat (worn)
Jewellery
 i - a ring of positive energy (left claw)
 k - a ring of wizardry (right claw)
Scrolls
 f - 2 scrolls of identify
 g - a scroll of amnesia {unknown}
 h - 2 scrolls of enchant armour
 m - 3 scrolls of teleportation
 o - 2 scrolls of immolation
Potions
 d - 3 potions of cancellation
 j - a potion of might
 n - a potion of haste
 p - a potion of agility
 q - a potion of brilliance
Comestibles
 e - 8 rations {!d}


   Skills:
 + Level 4.4 Fighting
 * Level 7.9 Maces & Flails
 - Level 1.7 Throwing
 - Level 2.4 Dodging


You had 6 spell levels left.
You didn't know any spells.
Your spell library was empty.

Dungeon Overview and Level Annotations

Branches:
Dungeon (4/12)
 Temple: D:4-7

Altars:
Fedhas
Kikubaaqudgha
Okawaru
Sif Muna
Uskayaw
Vehumet
Wu Jian

Annotations:
D:4 Duvessa


Innate Abilities, Weirdness & Mutations

You cannot wear most types of armour.
Your thick skin is tough. (AC +7)
You are too large for most types of armour.
You have claws for hands.
Your metabolism is lightning-fast.
You like to eat raw meat.
Your natural rate of healing is unusually fast.


Message History

* * * LOW HITPOINT WARNING * * *
Duvessa hits you but does no damage.
You hit Duvessa.
Duvessa is lightly wounded.
Duvessa hits you but does no damage.
You barely miss Duvessa.
Duvessa is lightly wounded.
Duvessa closely misses you. x2
You hit Duvessa.
Duvessa is lightly wounded.
Duvessa closely misses you.
You hit Duvessa.
Duvessa is lightly wounded.
Duvessa hits you with a +0 short sword!
* * * LOW HITPOINT WARNING * * *
Duvessa hits you but does no damage.
It was a potion of agility.
You feel agile all of a sudden. Duvessa hits you with a +0 short sword!
You die...

#... #.........#
#... #.).##....#
##...##...##.†..#
#..)<...........#
#...............#
#...............#
##'####...##....#
# ##...##....#
#...@e#....#
...'..._.#...(#
....#.....#....#
#.####...##....#
###.####...##....#
#...........#....#
#...........#....#
#...........#....#
#...........'....#


You could see Duvessa (berserk).

Vanquished Creatures
  Menkaure (D:4)
  2 sky beasts (D:4)
  An ogre (D:4)
  A centaur (D:4)
  Dowan (D:4)
  A howler monkey (D:4)
  2 crimson imps
  An orc priest (D:3)
  2 orc wizards (D:3)
  A worker ant (D:2)
  9 adders
  A shadow imp (D:4)
  2 dart slugs (D:1)
  2 leopard geckos (D:1)
  7 orcs
  5 bats
  4 giant cockroaches
  7 goblins
  5 hobgoblins
  10 jackals
  9 kobolds
  3 quokkas
  A ball python (D:2)
  3 frilled lizards
  A leopard gecko skeleton (D:4)
  A quokka skeleton (D:4)
  5 rats
88 creatures vanquished.

Notes
Turn   | Place    | Note
-------+----------+-------------------------------------------
     0 | D:1      | Freyura the Troll Gladiator began the quest for the Orb.
     0 | D:1      | Reached XP level 1. HP: 19/19 MP: 0/0
   238 | D:1      | Reached XP level 2. HP: 20/28 MP: 1/1
   658 | D:1      | Reached XP level 3. HP: 32/35 MP: 2/2
   779 | D:1      | Reached skill level 4 in Maces & Flails
  1256 | D:2      | Gained mutation: Your natural rate of healing is unusually
                  | fast. [Troll growth]
  1256 | D:2      | Reached XP level 4. HP: 30/44 MP: 3/3
  1419 | D:2      | Found a radiant altar of Vehumet.
  1421 | D:2      | Found a hide-covered altar of Uskayaw.
  1421 | D:2      | Found an iron altar of Okawaru.
  1661 | D:3      | Reached skill level 5 in Maces & Flails
  1661 | D:3      | Reached XP level 5. HP: 51/52 MP: 4/4
  2216 | D:3      | Found a shimmering blue altar of Sif Muna.
  2424 | D:3      | Found a blossoming altar of Fedhas.
  2425 | D:3      | Found an ancient bone altar of Kikubaaqudgha.
  2429 | D:3      | Reached XP level 6. HP: 60/61 MP: 5/5
  2498 | D:4      | Noticed a sky beast
  2524 | D:4      | Killed a sky beast
  2524 | D:4      | Reached skill level 6 in Maces & Flails
  2634 | D:4      | Reached XP level 7. HP: 35/68 MP: 6/6
  2701 | D:4      | Found an ornate altar of the Wu Jian Council.
  2702 | D:4      | Noticed Menkaure
  2712 | D:4      | Killed Menkaure
  2712 | D:4      | Reached skill level 7 in Maces & Flails
  2894 | D:4      | Noticed Duvessa
  2895 | D:4      | Noticed Dowan
  2915 | D:4      | Killed Dowan
  2923 | D:4      | HP: 2/71 [Duvessa/+0 short sword (9)]
  2924 | D:4      | Mangled by Duvessa

Skill      XL: |  1  2  3  4  5  6  7 |
---------------+----------------------+-----
Fighting       | 2 3 4 |  4.4
Maces & Flails | 4 5 6 7 |  7.9
Throwing       | |  1.7
Dodging        | |  2.4

Action                   |  1- 3 |  4- 6 |  7- 9 || total
-------------------------+-------+-------+-------++-------
Melee: Flail             |   116 |   183 |    49 ||   348
  Use: Scroll            |       |     6 |     4 ||    10
       Potion            |       |     1 |     2 ||     3
 Stab: Sleeping          |       |     1 |       ||     1
  Eat: Chunk             |    13 |     9 |     2 ||    24
Armor: Skin              |    60 |    87 |    29 ||   176
Dodge: Dodged            |    88 |   119 |    23 ||   230
